 Dungeon Crawl Stone Soup version 0.24.0-125-gc4c63601f3 (webtiles) character file.

Game seed: 13904393649940362877, levelgen mode: deterministic

2545 Curus the Cruncher (level 9, -8/61 HPs)
             Began as a Demonspawn Gladiator on Feb 25, 2020.
             Was a Believer of Trog.
             Shot with a bolt by an orc warrior (30 damage)
             ... in a bailey.
             The game lasted 00:23:03 (5792 turns).

Curus the Cruncher (Demonspawn Gladiator)           Turns: 5792, Time: 00:23:03

Health: -8/61      AC:  9    Str: 17    XL:     9   Next: 30%
Magic:  9/9        EV: 13    Int: 12    God:    Trog [**....]
Gold:   386        SH:  3    Dex: 17    Spells: 8/8 levels left

rFire    + . .     SeeInvis .   a - +2 quarterstaff
rCold    . . .     Gourm    .   (shield currently unavailable)
rNeg     + . .     Faith    .   m - +2 leather armour {rN+}
rPois    .         Spirit   .   (helmet restricted)
rElec    .         Reflect  +   e - +1 cloak
rCorr    +         Harm     .   (no gloves)
MR       .....                  (boots unavailable)
Stlth    +.........             p - +3 amulet of reflection
HPRegen  0.20/turn              s - ring of resist corrosion
MPRegen  0.11/turn              h - ring of flight

@: no status effects
A: antennae 1, talons 3, slimy green scales 1, clever 1, fire resistance 1,
spiny 1, strong 1, wild magic 1, flame cloud immunity
a: Berserk, Trog's Hand, Renounce Religion, Evoke Flight


You were in a bailey.
You worshipped Trog.
Trog was pleased with you.
You were not hungry.

You visited 2 branches of the dungeon, and saw 8 of its levels.
You also visited: Bailey.

You collected 386 gold pieces.

Inventory:

Hand Weapons
 a - a +2 quarterstaff (weapon)
Missiles
 d - 4 throwing nets (quivered)
Armour
 b - a +0 leather armour
 c - a +0 helmet
 e - a +1 cloak (worn)
 m - a +2 leather armour of positive energy (worn)
Jewellery
 g - an uncursed ring of attention
 h - a ring of flight (right hand)
 p - a +3 amulet of reflection (around neck)
 q - an uncursed ring of wizardry
 r - a cursed amulet of inaccuracy {unknown}
 s - a ring of resist corrosion (left hand)
 t - an uncursed amulet of faith {unknown}
 w - an uncursed amulet of regeneration {unknown}
Scrolls
 i - 6 scrolls of identify
 j - 2 scrolls of teleportation
 n - a scroll of blinking
 u - a scroll of enchant weapon
Potions
 k - a potion of degeneration
 l - 2 potions of lignification
 o - a potion of haste
 v - a potion of curing
Comestibles
 f - 9 rations


   Skills:
 - Level 2.0 Fighting
 + Level 11.7 Staves
 - Level 1.7 Throwing
 - Level 2.6 Dodging


You had 8 spell levels left.
You didn't know any spells.
Your spell library was empty.

Dungeon Overview and Level Annotations

Branches:
Dungeon (7/15)             Temple (1/1) D:6          Bailey (1/1)

Altars:
Dithmenos
Elyvilon
Gozag
Hepliaklqana
Makhleb
Okawaru
Qazlal
Ru
Sif Muna
Trog
Uskayaw
Vehumet
Wu Jian
Xom


Innate Abilities, Weirdness & Mutations

You have claws for feet.
You are partially covered in slimy green scales. (AC +2)
Your flesh is heat resistant. (rF+)
You are partially covered in sharp spines.
You are immune to clouds of flame.
You have a pair of small antennae on your head.
Your mind is acute. (Int +2)
Your muscles are strong. (Str +2)
Your spells are a little harder to cast, but a little more powerful.


Message History

You thump the orc warrior! You claw the orc warrior.
The orc warrior is severely wounded.
The orc misses you.
The orc warrior is struck by your spines.
The orc warrior hits you.
You hit the orc warrior but do no damage.
Your kick misses the orc warrior.
The orc warrior is severely wounded.
The orc warrior shoots a bolt.
The bolt misses you. The orc warrior misses you.
The orc hits you from afar with a +0 halberd.
The orc hits you from afar with a +0 trident.
The orc warrior shoots a bolt.
The bolt hits you.
The orc warrior wields a +0 arbalest.
The orc warrior shoots a bolt.
The bolt barely misses you.
You see here 2 bolts.
The orc warrior shoots a bolt.
The bolt hits you but does no damage.
The orc knight roars a battlecry!
The orcs go into a battle-frenzy!
The orc warrior shoots a bolt.
The bolt hits you!!
You die...

### ##∩#########
#.(.##(o(..##
≈..#..@#(.≈≈≈..#
o≈≈.......≈≈o≈≈.#
oo≈.......≈oo.≈.+
≈o≈≈.(.....≈≈o≈≈.#
≈≈≈..#...#.o≈≈≈..#
....##...##.....##
#### ##∩#########
##


You could see an orc knight, 3 orc warriors and 5 orcs.

Vanquished Creatures
  Eustachio (D:4)
  2 ice beasts
  An orc warrior (D:6)
  A sky beast (D:6)
  2 phantoms
  3 ogres
  4 centaurs
  A big kobold (D:7)
  A wyvern zombie (D:7)
  2 bullfrogs
  2 crimson imps (D:6)
  A bullfrog zombie (D:6)
  4 hounds
  An orc priest (D:6)
  2 bullfrog skeletons
  A jelly (D:5)
  A gnoll shaman (D:6)
  An iguana (D:6)
  Natasha (D:2)
  Terence (D:2)
  5 orc wizards
  3 worker ants
  A hound zombie (D:5)
  A worker ant zombie (D:5)
  Robin (D:3)
  13 gnolls
  9 adders
  An ooze (D:2)
  2 adder skeletons
  3 worms
  4 dart slugs
  5 leopard geckos
  14 orcs
  4 ball pythons
  6 bats
  A giant cockroach (D:3)
  17 goblins
  6 hobgoblins
  5 jackals
  A quokka (D:5)
  10 frilled lizards
  16 kobolds
  A leopard gecko zombie (D:6)
  4 rats
  A plant (D:1)
167 creatures vanquished.

Notes
Turn   | Place    | Note
-------+----------+-------------------------------------------
     0 | D:1      | Curus the Demonspawn Gladiator began the quest for the Orb.
     0 | D:1      | Reached XP level 1. HP: 16/16 MP: 1/1
    24 | D:1      | Reached skill level 3 in Staves
   260 | D:1      | Gained mutation: Your flesh is heat resistant. (rF+)
                  | [demonic ancestry]
   260 | D:1      | Reached XP level 2. HP: 22/22 MP: 2/2
   572 | D:1      | Gained mutation: You have sharp toenails. [demonic
                  | ancestry]
   572 | D:1      | Reached XP level 3. HP: 23/27 MP: 3/3
   649 | D:1      | Reached skill level 4 in Staves
  1117 | D:2      | Noticed Terence
  1128 | D:2      | Killed Terence
  1128 | D:2      | Reached XP level 4. HP: 16/33 MP: 4/4
  1394 | D:2      | Noticed Natasha
  1398 | D:2      | Killed Natasha
  1398 | D:2      | Reached skill level 5 in Staves
  1515 | D:2      | Found a stormy altar of Qazlal.
  1518 | D:2      | Found a shimmering altar of Xom.
  1521 | D:2      | Found a sacrificial altar of Ru.
  1717 | D:3      | Gained mutation: You are partially covered in slimy green
                  | scales. (AC +2) [demonic ancestry]
  1717 | D:3      | Reached XP level 5. HP: 38/38 MP: 5/5
  1804 | D:3      | Noticed Robin
  1808 | D:3      | Killed Robin
  1855 | D:3      | Noticed a centaur
  1862 | D:3      | Killed a centaur
  1862 | D:3      | Reached skill level 6 in Staves
  1966 | D:3      | Gained mutation: You are partially covered in sharp spines.
                  | [demonic ancestry]
  1966 | D:3      | Reached XP level 6. HP: 24/44 MP: 6/6
  2175 | D:3      | You fall into a shaft and drop 3 floors!
  2182 | D:6      | Gained mutation: You have a pair of small antennae on your
                  | head. [potion of mutation]
  2182 | D:6      | Gained mutation: Your muscles are strong. (Str +2) [potion
                  | of mutation]
  2182 | D:6      | Gained mutation: Your mind is acute. (Int +2) [potion of
                  | mutation]
  2182 | D:6      | Gained mutation: Your spells are a little harder to cast,
                  | but a little more powerful. [potion of mutation]
  2187 | D:6      | Found a staircase to the Ecumenical Temple.
  2194 | Temple   | Entered the Ecumenical Temple
  2266 | Temple   | Became a worshipper of Trog the Wrathful
  2376 | D:6      | Reached skill level 7 in Staves
  2446 | D:6      | Gained mutation: You are immune to clouds of flame.
                  | [demonic ancestry]
  2446 | D:6      | Reached XP level 7. HP: 46/50 MP: 7/7
  2536 | D:5      | Entered Level 5 of the Dungeon
  3255 | D:4      | Reached skill level 8 in Staves
  3600 | D:4      | Noticed Eustachio
  3614 | D:4      | Killed Eustachio
  3800 | D:5      | Reached * piety under Trog
  3831 | D:5      | Reached skill level 9 in Staves
  3831 | D:5      | Gained mutation: You have razor-sharp toenails. [demonic
                  | ancestry]
  3831 | D:5      | Reached XP level 8. HP: 39/56 MP: 8/8
  4387 | D:5      | Reached skill level 10 in Staves
  4777 | D:6      | Found a white marble altar of Elyvilon.
  5337 | D:7      | Reached skill level 11 in Staves
  5337 | D:7      | Gained mutation: You have claws for feet. [demonic
                  | ancestry]
  5337 | D:7      | Reached XP level 9. HP: 61/61 MP: 9/9
  5354 | D:7      | Found an iron altar of Okawaru.
  5757 | D:7      | Reached ** piety under Trog
  5775 | D:7      | Found a flagged portal.
  5780 | Bailey   | Entered a bailey
  5782 | Bailey   | Noticed an orc knight
  5792 | Bailey   | Shot with a bolt by an orc warrior

Levels and vault maps discovered:
D:1:      dpeg_arrival_long_road, layout_basic, minmay_door_square,
          lexackson_kobold_supper
D:2:      layout_loops_ring, grunt_temple_overflow_diamond, first_ration,
          uniq_natasha, uniq_terence
D:3:      layout_basic, uniq_robin
D:4:      layout_basic, uniq_eustachio
D:5:      layout_loops_ring, moated_statue
D:6:      layout_loops_corners, minmay_temple_entry_junction_2, elyvilon_altar_5
D:7:      layout_gridville, enter_bailey_3, okawaru_gym_becter
Temple:   dpeg_five_rooms_temple
Bailey:   bailey_polearm_4, bailey

Skill      XL: |  1  2  3  4  5  6  7  8 |
---------------+-------------------------+-----
Staves         | 3 4 5 6 7 9 11 | 11.7
Fighting       | |  2.0
Throwing       | |  1.7
Dodging        | |  2.6

Action                   |  1- 3 |  4- 6 |  7- 9 || total
-------------------------+-------+-------+-------++-------
Melee: Quarterstaff      |    95 |   130 |   231 ||   456
       Kick              |    10 |    30 |    63 ||   103
  Use: Potion            |     1 |     3 |     5 ||     9
       Scroll            |       |     5 |     6 ||    11
 Stab: Distracted        |       |       |     1 ||     1
  Eat: Chunk             |     1 |     4 |     7 ||    12
       Ration            |       |       |     1 ||     1
Armor: Leather armour    |    16 |    31 |    44 ||    91
Dodge: Dodged            |    57 |    69 |    84 ||   210
Block: Other             |       |       |     6 ||     6
       Reflection        |       |       |     2 ||     2
